 Dungeon Crawl Stone Soup version 0.19-a0-45-g2c295ea (webtiles) character file.

524 namelastname112 the Conjurer (level 7, 57/57 HPs)
             Began as a Yellow Draconian Earth Elementalist on May 5, 2016.
             Quit the game on level 4 of the Dungeon.
             The game lasted 00:06:56 (4733 turns).

namelastname112 the Conjurer (DrEE)                 Turns: 4733, Time: 00:06:57

Health: 57/57      AC:  7    Str: 10    XL:     7   Next: 2%
Magic:  12/12      EV: 13    Int: 18    God:
Gold:   190        SH:  0    Dex: 11    Spells: 2 memorised, 9 levels left

rFire  . . .     SeeInvis .     a - 232 stones
rCold  . . .     Gourm    .     (armour unavailable)
rNeg   + . .     Faith    .     (no shield)
rPois  .         Spirit   .     (helmet restricted)
rElec  .         Dismiss  .     (no cloak)
rCorr  +         Reflect  .     (no gloves)
SustAt .         Harm     .     q - +0 pair of boots
MR     .....                    (no amulet)
Stlth  ++........               u - ring of positive energy
                                g - ring of wizardry

@: not resistant to hostile enchantments, unstealthy
A: spit acid, acid resistance, unfitting armour, cold-blooded, AC +6
a: Spit Acid


You were on level 4 of the Dungeon.
You were hungry.

You visited 1 branch of the dungeon, and saw 4 of its levels.
You also visited: Sewer.

You collected 190 gold pieces.

Inventory:

Hand Weapons
 r - a +2 dagger of pain
Missiles
 a - 232 stones (in hand)
Armour
 q - a +0 pair of boots (worn)
Jewellery
 g - a ring of wizardry (left hand)
 l - an uncursed ring of see invisible
 u - a ring of positive energy (right hand)
Wands
 f - a wand of teleportation (8/9)
Scrolls
 d - a scroll of remove curse
 h - 2 scrolls of teleportation {unknown}
 j - a scroll of immolation {unknown}
 k - 3 scrolls of identify {unknown}
 n - 3 scrolls of fear {unknown}
 p - 3 scrolls of noise {unknown}
 y - a scroll of random uselessness {unknown}
Potions
 e - a potion of heal wounds {unknown}
 m - 5 potions of flight
 s - a potion of cancellation {unknown}
 t - 2 potions of agility {unknown}
 w - 2 potions of degeneration {unknown}
 z - a potion of curing {unknown}
Books
 b - a book of Geomancy

   Spells                             Type                      Level
   a - Sandblast                      Earth                        1
   b - Passwall                       Transmutation/Earth          2
   c - Stone Arrow                    Conjuration/Earth            3
   d - Petrify                        Transmutation/Earth          4
   e - Lee's Rapid Deconstruction     Earth                        5
Comestibles
 c - 2 bread rations
 i - 7 fruits
 o - 5 meat rations
 v - 4 royal jellies


   Skills:
 + Level 3.5 Fighting
 + Level 3.7 Dodging
 - Level 1.7 Stealth
 + Level 3.7 Spellcasting
 * Level 3.7 Conjurations
   Level 1.0 Transmutations
 - Level 3.0 Earth Magic


You had 9 spell levels left.
You knew the following spells:

 Your Spells              Type           Power        Failure   Level  Hunger
x - Stone Arrow           Conj/Erth      ###...       6%          3    ###....
z - Sandblast             Erth           ##....       2%          1    None


Dungeon Overview and Level Annotations

Branches:
Dungeon (4/15)
 Temple: D:4-7

Altars:
Ru


Innate Abilities, Weirdness & Mutations

You can spit globs of acid.
You are resistant to acid.
Your golden yellow scales are hard (AC +6).
Your body does not fit into most forms of armour.
You are cold-blooded and may be slowed by cold attacks.


Message History

Casting: Stone Arrow
Confirm with . or Enter, or press ? or * to list all spells.
Aiming: Stone Arrow
Press: ? - help, Shift-Dir - straight line, f/p - Zhenya25pyc's ghost
Aim: Zhenya25pyc's ghost (severely damaged)
The stone arrow hits Zhenya25pyc's ghost.
You destroy Zhenya25pyc's ghost!
You have reached level 7!
Your scales start taking on a golden yellow colour.
You can spit globs of acid.
You are resistant to acid.
You regained 5 hp, and now have 50/57 hp.
You now have 0/12 mp.
You start resting.
HP restored.
Health restored: 57 You regained 4 mp, and now have 4/12 mp.
You start resting.
Magic restored.
MP restored: 12 Are you sure you want to abandon this character and quit the game? (Confirm with "yes".)

#...####...#...#.......###
#...#.....##...#.......#
#...#.##..##...#........#
###.........................
#...........##...####..#####
######..###.##...# ##.#≈≈.≈
#...........# #.##†'#
#..##...#...#####..#≈≈#
#..##.@.#.........##≈≈#
#..##...#.#<####..#≈≈≈≈
##..##.....#######.#≈≈≈≈
#..........# #....##≈≈#
########..###.....####.##..#≈≈#
#.........[.......##...###.'##'
########..####....##.#.# ##....
#..####....##.#.####.... ###
#..................#####


There were no monsters in sight!

Vanquished Creatures
  The ghost of Zhenya25pyc the Skirmisher, an amateur GrFi (D:4)
  Purgy (Sewer)
  An iguana (D:3)
  7 adders
  6 gnolls (D:3)
  4 worms
  A dart slug (D:3)
  6 giant geckos
  6 orcs (D:4)
  9 bats
  3 giant cockroaches
  7 goblins
  7 hobgoblins
  5 jackals
  9 kobolds
  2 quokkas (D:4)
  7 giant newts
  11 rats
93 creatures vanquished.

Vanquished Creatures (others)
  5 toadstools (D:1)
5 creatures vanquished.

Grand Total: 98 creatures vanquished

Notes
Turn   | Place    | Note
--------------------------------------------------------------
     0 | D:1      | namelastname112 the Draconian Earth Elementalist began the quest for the Orb.
     0 | D:1      | Reached XP level 1. HP: 14/14 MP: 3/3
   617 | D:1      | Reached skill level 1 in Fighting
   617 | D:1      | Reached XP level 2. HP: 22/23 MP: 5/5
  1738 | D:2      | Reached XP level 3. HP: 22/28 MP: 6/6
  1743 | D:2      | Learned a level 3 spell: Stone Arrow
  1870 | D:2      | Reached skill level 1 in Conjurations
  2204 | D:2      | Found a sacrificial altar of Ru.
  2611 | D:3      | Reached XP level 4. HP: 31/36 MP: 7/7
  3342 | D:3      | Reached XP level 5. HP: 36/42 MP: 9/9
  4063 | D:4      | Found a glowing drain.
  4067 | Sewer    | Entered a sewer
  4204 | Sewer    | Noticed Purgy
  4282 | Sewer    | Killed Purgy
  4282 | Sewer    | Reached XP level 6. HP: 39/51 MP: 1/11
  4537 | D:4      | Noticed Zhenya25pyc's ghost (amateur GrFi)
  4640 | D:4      | Killed Zhenya25pyc's ghost
  4640 | D:4      | Your scales start taking on a golden yellow colour.
  4640 | D:4      | Reached XP level 7. HP: 50/57 MP: 0/12
  4733 | D:4      | Quit the game

Vault maps used:
D:1:      ldierk_walled_garden, minmay_misc_feat_rows, minivault_5,
          kennysheep_minor_cross
D:2:      nicolae_ru_sacrificial_ziggurat, corexii_shack
D:3:      first_bread, kennysheep_generic_room_10
D:4:      lemuel_upstairs_altar, gup_sewer_entry_bowl
Sewer:    kennysheep_door_sewer

Skill      XL: |  1  2  3  4  5 |
---------------+----------------+-----
Dodging        | 2 3 |  3.7
Fighting       | 1 2 3 |  3.5
Conjurations   | 1 2 3 |  3.7
Spellcasting   | 3 |  3.7
Stealth        | |  1.7
Transmutations | |  1.0
Earth Magic    | |  3.0

Action                   |  1- 3 |  4- 6 |  7- 9 || total
-------------------------+-------+-------+-------++-------
Melee: Dagger            |   175 |   184 |       ||   359
       Tailslap          |    14 |    14 |       ||    28
       Unarmed           |     3 |       |       ||     3
 Cast: Sandblast         |    28 |    22 |       ||    50
       Stone Arrow       |     2 |    16 |     1 ||    19
  Use: Scroll            |     1 |       |       ||     1
       Potion            |     3 |       |       ||     3
 Stab: Sleeping          |     4 |     5 |       ||     9
  Eat: Chunk             |     1 |     8 |       ||     9
       Meat ration       |     1 |       |       ||     1
Armor: Skin              |    77 |    81 |       ||   158
Dodge: Dodged            |   152 |   171 |       ||   323
